 Dungeon Crawl Stone Soup version 0.30-a0-509-gd016549fea (webtiles) character file.

Game seed: 4237750242972778427

7455 GenialerGandalf the Cleaver (level 11, 0/97 HPs)
             Began as a Hill Orc Fighter on Dec 22, 2022.
             Was a Priest of Beogh.
             Slain by a two-headed ogre
             ... wielding a +0 giant club
              (7 damage)
             ... on level 11 of the Dungeon.
             The game lasted 00:30:24 (11146 turns).

GenialerGandalf the Cleaver (Hill Orc Fighter)     Turns: 11146, Time: 00:30:25

Health: 0/97       AC: 13    Str: 24    XL:     11   Next: 15%
Magic:  0/15       EV: 10    Int:  8    God:    Beogh [***...]
Gold:   574        SH:  5    Dex: 10    Spells: 10/10 levels left

rFire   . . .      SeeInvis .    L - +3 war axe
rCold   . . .      Faith    .    c - +0 buckler
rNeg    . . .      Spirit   +    b - +0 scale mail
rPois   .          Reflect  .    z - +0 helmet
rElec   .          Harm     .    I - scarf {+Inv}
rCorr   .          Rampage  .    (no gloves)
Will    .....                    (no boots)
Stlth   ..........               j - amulet of guardian spirit
HPRegen 0.36/turn                h - +4 ring of protection
MPRegen 0.14/turn                (no ring)

@: no status effects
A: no striking features
a: Renounce Religion, Evoke Invisibility, Smiting


You were on level 11 of the Dungeon.
You worshipped Beogh.
Beogh was most pleased with you.
You visited 2 branches of the dungeon, and saw 12 of its levels.
You also visited: Sewer.

You collected 628 gold pieces.
You spent 54 gold pieces at shops.

Inventory:

Hand Weapons
 L - a +3 war axe (weapon)
Armour
 b - a +0 scale mail (worn)
 c - a +0 buckler (worn)
 z - a +0 helmet (worn)
 I - a scarf of invisibility (worn)
Jewellery
 h - a +4 ring of protection (left hand)
 j - an amulet of guardian spirit (around neck)
 n - an amulet of magic regeneration
 A - a ring of positive energy
Wands
 i - a wand of paralysis (18)
 p - a wand of mindburst (14)
 J - a wand of iceblast (9)
Scrolls
 a - a scroll of poison {unknown}
 k - a scroll of enchant armour
 m - 2 scrolls of fear
 r - a scroll of identify
 s - 3 scrolls of fog
 w - a scroll of summoning {unknown}
 y - a scroll of immolation {unknown}
 B - a scroll of magic mapping {unknown}
 E - a scroll of silence {unknown}
 F - a scroll of blinking {unknown}
 G - 5 scrolls of noise
 K - a scroll of enchant weapon {unknown}
 M - 2 scrolls of vulnerability {unknown}
Potions
 d - a potion of might
 e - a potion of heal wounds
 f - a potion of resistance {unknown}
 g - 2 potions of degeneration
 l - a potion of brilliance {unknown}
 o - 2 potions of cancellation
 q - a potion of invisibility
 t - 2 potions of mutation {unknown}
 u - 3 potions of haste {unknown}
 v - 2 potions of ambrosia {unknown}
 x - 2 potions of flight {unknown}
 C - 3 potions of curing
 D - a potion of attraction {unknown}
 H - a potion of lignification {unknown}
Miscellaneous
 N - a phantom mirror


   Skills:
 * Level 9.0 Fighting
 * Level 14.0 Axes
 * Level 9.0 Armour
 - Level 1.8 Dodging
 * Level 7.1 Shields
 * Level 6.5 Invocations


You had 10 spell levels left.
You didn't know any spells.
Your spell library contained the following spells:

 Spells                   Type           Power      Damage    Failure   Level
 Freeze                   Ice            0%         1d3       75%         1
 Necrotise                Necr           0%         1d4       75%         1
 Frozen Ramparts          Ice            0%         1d1       98%         3
 Hailstorm                Conj/Ice       0%         3d3       98%         3
 Stone Arrow              Conj/Erth      0%         3d7       98%         3
 Vampiric Draining        Necr           0%         2d6       98%         3
 Animate Armour           Summ/Erth      0%         N/A       100%        4
 Agony                    Necr           0%         N/A       100%        5
 Summon Forest            Summ/Tloc      0%         N/A       100%        5
 Eringya's Noxious Bog    Tmut/Pois      0%         N/A       100%        6
 Summon Hydra             Summ           0%         N/A       100%        7
 Lehudib's Crystal Spear  Conj/Erth      0%         10d2      100%        8


Dungeon Overview and Level Annotations

Branches:
Dungeon (11/15)            Temple (1/1) D:6           Sewer (visited)
   Lair: D:8-11         Orc: D:9-12

Altars:
Ashenzari
Cheibriados
Dithmenos
Elyvilon
Fedhas
Gozag
Hepliaklqana
Kikubaaqudgha
Makhleb
Nemelex Xobeh
Okawaru
Qazlal
Ru
Sif Muna
Trog
Uskayaw
Vehumet
Wu Jian
Xom
Yredelemnul
Zin
The Shining One

Shops:
D:3 ?   D:7 (   D:8 *(*[!


Message History

Your limbs are stiffening.
You see here a fizzy ruby potion.
The two-headed ogre barely misses you.
The two-headed ogre hits you but does no damage.
You have turned to stone.
The two-headed ogre hits you with a +0 giant club!
The two-headed ogre hits you with a +0 giant spiked club.
The two-headed ogre hits you with a +0 giant club!
The two-headed ogre hits you with a +0 giant spiked club.
The two-headed ogre hits you with a +0 giant club!
The two-headed ogre hits you with a +0 giant spiked club!
The two-headed ogre hits you with a +0 giant club.
The two-headed ogre hits you with a +0 giant spiked club!
The two-headed ogre completely misses you.
The two-headed ogre hits you with a +0 giant spiked club!
The two-headed ogre hits you with a +0 giant club!
The two-headed ogre hits you with a +0 giant spiked club.
The two-headed ogre hits you with a +0 giant club.
The two-headed ogre hits you with a +0 giant spiked club.
You turn to flesh and can move again.
You slash the two-headed ogre!
The two-headed ogre is lightly wounded.
You slash the two-headed ogre!
The two-headed ogre is moderately wounded.
The two-headed ogre hits you but does no damage.
You block the two-headed ogre's attack.
You hit the two-headed ogre.
The two-headed ogre is moderately wounded.
You closely miss the two-headed ogre.
The two-headed ogre is moderately wounded.
The two-headed ogre hits you with a +0 giant club!!
* * * LOW HITPOINT WARNING * * *
The two-headed ogre hits you with a +0 giant spiked club!!
* * * LOW HITPOINT WARNING * * *
You slash the two-headed ogre!
The two-headed ogre is heavily wounded.
You slash the two-headed ogre!
The two-headed ogre is severely wounded.
The two-headed ogre hits you with a +0 giant club!
You die...

#..........# #..........#
##.........####
#.........##.. ##
#.........##.# =###
#.........##.#....## ###
#.........##.#...... ###..
#.........##!Ol.# ###...<
#.........##@#T.....###......
#.........##.# ...###........
#)........##.## ###..........
#.#####...##..###............
####.#
#...##'##..............
#....#
#...###................
#....#
#...#..................
#....#
#......................
#....#
#...#####..............


You could see a two-headed ogre and a basilisk.

Vanquished Creatures
  Erica (D:11)
  Pikel (D:5)
  A cyclops (D:9)
  Prince Ribbit (D:8)
  8 yaks
  2 wyverns
  A wraith (D:11)
  A water moccasin (D:5)
  A black bear (D:5)
  An ogre (D:4)
  3 lemures (D:5)
  A phantom (D:6)
  6 centaurs
  A kobold brigand (D:8)
  9 bullfrogs
  3 necrophages
  2 gnoll sergeants
  10 wights
  2 howler monkeys (D:8)
  7 hounds
  4 jellies
  7 orc priests
  Terence (D:2)
  2 iguanas
  6 orc wizards
  9 gnolls
  6 river rats (Sewer)
  17 adders
  A shadow imp (D:5)
  2 white imps
  An ufetubus (D:5)
  2 worms
  3 dart slugs
  30 orcs
  18 ball pythons
  3 endoplasms
  5 giant cockroaches
  7 hobgoblins
  2 quokkas (D:1)
  A bat (D:1)
  3 frilled lizards
  11 kobolds
  26 rats
229 creatures vanquished.

Vanquished Creatures (collateral kills)
  Maggie (D:8)
  A wyvern (D:8)
  2 water moccasins
  A centaur (D:9)
  A bullfrog (D:9)
  5 wights (D:8)
  A howler monkey (D:8)
  2 orc wizards
  An orc (D:10)
  2 kobolds (D:8)
17 creatures vanquished.

Vanquished Creatures (others)
  An orc knight (D:9)
  An orc warrior (D:9)
  2 orc wizards (D:9)
  5 orcs
  A plant (D:1)
10 creatures vanquished.

Grand Total: 256 creatures vanquished

Notes
Turn   | Place    | Note
-------+----------+-------------------------------------------
     0 | D:1      | GenialerGandalf the Hill Orc Fighter began the quest for
                  | the Orb.
     0 | D:1      | Reached XP level 1. HP: 19/19 MP: 1/1
   280 | D:1      | Reached XP level 2. HP: 27/27 MP: 2/2
   355 | D:1      | Reached skill level 3 in Axes
   391 | D:1      | Found a faded altar of an unknown god.
  1283 | D:2      | Reached XP level 3. HP: 33/33 MP: 3/3
  1467 | D:2      | You fall into a shaft and drop 2 floors!
  1547 | D:4      | Found a glowing drain.
  1587 | D:4      | Reached skill level 1 in Dodging
  1587 | D:4      | Reached XP level 4. HP: 21/40 MP: 4/4
  1597 | Sewer    | Entered a sewer
  1729 | Sewer    | Reached skill level 4 in Axes
  1971 | Sewer    | Reached XP level 5. HP: 41/46 MP: 3/5
  2099 | Sewer    | Reached skill level 5 in Axes
  2211 | Sewer    | Reached XP level 6. HP: 30/53 MP: 2/6
  2223 | Sewer    | Reached skill level 6 in Axes
  2390 | D:4      | Became a worshipper of Beogh the Brigand
  2482 | D:4      | Reached XP level 7. HP: 60/60 MP: 7/7
  2726 | D:3      | Found Ihoenops's Magic Scroll Shoppe.
  2731 | D:3      | Bought a scroll of identify for 28 gold pieces
  3400 | D:2      | Noticed Terence
  3409 | D:2      | Killed Terence
  3694 | D:5      | Entered Level 5 of the Dungeon
  3976 | D:4      | Reached * piety under Beogh
  4235 | D:4      | Reached skill level 7 in Axes
  4235 | D:4      | Reached skill level 5 in Armour
  4235 | D:4      | Reached skill level 1 in Invocations
  4317 | D:4      | Found a sparkling altar of Nemelex Xobeh.
  4326 | D:4      | Found a shimmering altar of Xom.
  4326 | D:4      | Found a basalt altar of Yredelemnul.
  4328 | D:4      | Found a shadowy altar of Dithmenos.
  4328 | D:4      | Found a basalt altar of Yredelemnul.
  4328 | D:4      | Found a radiant altar of Vehumet.
  4445 | D:5      | Reached skill level 5 in Fighting
  4609 | D:5      | Reached XP level 8. HP: 68/68 MP: 9/9
  4634 | D:5      | Noticed Pikel
  4666 | D:5      | Killed Pikel
  4667 | D:5      | Reached skill level 8 in Axes
  4667 | D:5      | Reached skill level 5 in Shields
  4921 | D:5      | Reached skill level 9 in Axes
  5664 | D:6      | Found a staircase to the Ecumenical Temple.
  5672 | Temple   | Entered the Ecumenical Temple
  5914 | D:6      | Reached XP level 9. HP: 68/75 MP: 11/11
  6031 | D:6      | Reached skill level 10 in Axes
  6215 | D:6      | Reached ** piety under Beogh
  6717 | D:6      | Reached skill level 11 in Axes
  7608 | D:7      | Reached XP level 10. HP: 53/86 MP: 8/13
  7610 | D:7      | Reached skill level 12 in Axes
  7610 | D:7      | Reached skill level 5 in Invocations
  7804 | D:7      | Identified the +1 robe "Vuiwit" {Archmagi}
  7907 | D:7      | Reached *** piety under Beogh
  8002 | D:7      | Found Jirrer's Antique Weapon Shop.
  8786 | D:8      | Noticed Maggie
  8800 | D:8      | Killed Maggie
  8801 | D:8      | Reached skill level 13 in Axes
  8847 | D:8      | Found Manenekk's General Store.
  8849 | D:8      | Found Eqiwofuj's Weapon Shoppe.
  8857 | D:8      | Found Ampima's Antique Armour Shoppe.
  8861 | D:8      | Found Neab's Distillery.
  8869 | D:8      | Bought a scroll of identify for 26 gold pieces
  8918 | D:8      | Noticed Prince Ribbit
  8928 | D:8      | Killed Prince Ribbit
  9493 | D:8      | Found Yqiesina's General Store.
 10225 | D:9      | Noticed a cyclops
 10233 | D:9      | Killed a cyclops
 10342 | D:9      | Reached XP level 11. HP: 95/95 MP: 15/15
 10379 | D:9      | Noticed a cyclops
 10382 | D:9      | Noticed a centaur warrior
 10382 | D:9      | Noticed a boulder beetle
 10687 | D:9      | Noticed a two-headed ogre
 10724 | D:10     | Entered Level 10 of the Dungeon
 10724 | D:10     | Noticed a two-headed ogre
 10771 | D:11     | Noticed Erica
 10809 | D:11     | Killed Erica
 10809 | D:11     | HP: 4/95 [poisoned by Erica (bolt of poison)]
 10810 | D:11     | Reached skill level 14 in Axes
 11126 | D:11     | Noticed a two-headed ogre
 11146 | D:11     | Slain by a two-headed ogre

Illustrated notes

Levels and vault maps discovered:
D:1:      kilobyte_arrival_exit_the_forest, layout_loops_ring,
          chequers_ecumenical_altar_grove, minmay_three_crescents
D:2:      layout_loops_ring, nicolae_eternal_life,
          chequers_serial_rivers_small_3, uniq_terence
D:3:      layout_basic, serial_shops, shop
D:4:      layout_loops_ring, doesnt_xom_only_xom, gup_sewer_entry_glass,
          kennysheep_big_empty_room
D:5:      layout_loops_ring, mrwooster_statue_mirror,
          minmay_misc_feat_nine_boxes, uniq_pikel
D:6:      layout_loops_corners, minmay_temple_entry_statues_pillars,
          nicolae_figureground_pulse
D:7:      layout_gridville, serial_shops, nicolae_shop_trees
D:8:      layout_loops_cross, serial_shops, nicolae_inconvenience_store,
          minivault_14, kennysheep_nub, minmay_shop_grid_forest,
          uniq_prince_ribbit1, uniq_maggie
D:9:      minmay_bloctagon, layout_loops_ring
D:10:     layout_loops_ring
D:11:     minmay_the_grid_triangle_9x9_recursive_3
          [minmay_the_grid_triangle_9x9_pentomino_pain,
          minmay_the_grid_triangle_9x9_intruding_spiral,
          minmay_the_grid_triangle_9x9_negative_grid,
          minmay_the_grid_triangle_9x9_prize_schism,
          minmay_the_grid_triangle_9x9_swiss_cheese,
          minmay_the_grid_triangle_9x9_limited_checkers,
          minmay_the_grid_triangle_9x9_tough_junction,
          minmay_the_grid_triangle_9x9_sparse_checkered,
          minmay_the_grid_triangle_9x9_dagger], layout_irregular_city,
          david_lair_shrubbed, orc_0_dummy, ebering_ghost_disaster_area,
          uniq_psyche, uniq_sonja, uniq_erica, uniq_urug
Temple:   grunt_wide_crystal_templ

Skill      XL: |  1  2  3  4  5  6  7  8  9 10 11 |
---------------+----------------------------------+-----
Axes           | 3 4 5 6 7 9 11 13 14 | 14.0
Fighting       | 4 5 6 7 8 9 |  9.0
Dodging        | 1 |  1.8
Armour         | 4 5 6 7 8 9 |  9.0
Shields        | 4 5 6 7 |  7.1
Invocations    | 1 3 4 6 |  6.5

Action                   |  1- 3 |  4- 6 |  7- 9 | 10-12 || total
-------------------------+-------+-------+-------+-------++-------
Melee: War axe           |    88 |   155 |   400 |   216 ||   859
Invok: Convert to Beogh  |       |     1 |       |       ||     1
  Use: Scroll            |     5 |     1 |     2 |     5 ||    13
       Potion            |     1 |       |     3 |     6 ||    10
Armor: Scale mail        |    55 |   194 |   195 |   174 ||   618
Dodge: Dodged            |    56 |   153 |   228 |   141 ||   578
Block: Buckler           |    30 |    90 |   108 |    62 ||   290

Table legend: (Time is in decaauts)
 A = Elapsed time spent in this place.
 B = Non-inter-level travel time spent in this place.
 C = Inter-level travel time spent in this place.
 D = Time resting spent in this place.
 E = Time spent auto-exploring this place.
 F = Levels seen in this place.
 G = Mean time per level.
                   A        B        C        D        E       F      G
               +--------+--------+--------+--------+--------+-----+--------+
         Total |  11326 |  10977 |    349 |   1918 |   5644 |  13 |  871.2 |
       Dungeon |  10348 |  10020 |    328 |   1590 |   5516 |  11 |  940.7 |
        Temple |     75 |     54 |     21 |      0 |     37 |   1 |   75.0 |
         Sewer |    901 |    901 |      0 |    328 |     91 |   1 |  901.0 |
               +--------+--------+--------+--------+--------+-----+--------+

Top non-repeatable levels by time:
     D:6: 1575 daAuts
     D:8: 1542 daAuts
     D:5: 1215 daAuts
     D:7: 1085 daAuts
     D:4: 1060 daAuts
     D:1: 994 daAuts
   Sewer: 901 daAuts
     D:2: 869 daAuts
     D:3: 799 daAuts
     D:9: 788 daAuts
    D:11: 399 daAuts
  Temple: 75 daAuts
    D:10: 19 daAuts
